 Dungeon Crawl Stone Soup version 0.30-a0-748-ge6a52f7cba (webtiles) character file.

Game seed: 8687636457122177127

30 sanka the Chiller (level 2, 0/20 HPs)
             Began as a Demigod Ice Elementalist on Feb 8, 2023.
             Slain by a worm (11 damage)
             ... on level 2 of the Dungeon.
             The game lasted 00:01:49 (1348 turns).

sanka the Chiller (Demigod Ice Elementalist)        Turns: 1348, Time: 00:01:50

Health: 0/20       AC:  2    Str: 15    XL:     2   Next: 87%
Magic:  2/7        EV: 12    Int: 17    God:
Gold:   21         SH:  0    Dex: 14    Spells: 4/5 levels left

rFire   . . .      SeeInvis .    (no weapon)
rCold   . . .      Faith    .    (no shield)
rNeg    . . .      Spirit   .    a - +0 robe
rPois   .          Reflect  .    (no helmet)
rElec   .          Harm     .    (no cloak)
rCorr   .          Rampage  .    (no gloves)
Will    .....                    (no boots)
Stlth   ++                       (no amulet)
HPRegen 0.23/turn                j - +6 ring of strength
MPRegen 0.10/turn                (no ring)

@: no status effects
A: high MP 1, forlorn, divine attributes
a: no special abilities


You were on level 2 of the Dungeon.
You visited 1 branch of the dungeon, and saw 2 of its levels.

You collected 21 gold pieces.


Innate Abilities, Weirdness & Mutations

You have an increased reservoir of magic. (+10% MP)
You shall have no god before yourself.
Your divine heritage dramatically boosts your attributes as you level up.


   Skills:
 - Level 1.7 Dodging
 - Level 1.7 Stealth
 - Level 2.0 Spellcasting
 + Level 4.4 Ice Magic


You had 4 spell levels left.
You knew the following spells:

 Your Spells              Type           Power      Damage    Failure   Level
z - Freeze                Ice            64%        1d7       3%          1

Your spell library contained the following spells:

 Spells                   Type           Power      Damage    Failure   Level
 Frozen Ramparts          Ice            32%        1d5       10%         3
 Ozocubu's Armour         Ice            16%        N/A       10%         3
 Summon Ice Beast         Ice/Summ       9%         N/A       61%         4

Inventory:

Armour
 a - a +0 robe (worn)
Jewellery
 j - a +6 ring of strength (left hand)
 p - a ring of fire
Wands
 r - a wand of flame (21)
Scrolls
 c - 2 scrolls of teleportation {unknown}
 e - 2 scrolls of fear {unknown}
 h - a scroll of summoning {unknown}
 i - a scroll of brand weapon {unknown}
 k - a scroll of immolation {unknown}
 l - a scroll of poison {unknown}
 n - a scroll of blinking {unknown}
 o - a scroll of magic mapping {unknown}
 q - 2 scrolls of enchant armour {unknown}
 s - 2 scrolls of identify {unknown}
Potions
 b - a potion of magic
 d - a potion of invisibility {unknown}
 f - 3 potions of haste {unknown}
 g - 3 potions of brilliance {unknown}
 m - a potion of flight {unknown}

Dungeon Overview and Level Annotations

Branches:
Dungeon (2/15)

Shops:
D:2

? ▒▒▒▒▒▒.▒.▒▒▒▒▒..▒
▒.▒.........
▒.▒▒▒▒▒▒▒.▒▒▒▒▒▒▒..▒
..........▒ ▒..▒
▒.▒▒▒▒...▒▒▒▒▒▒▒▒..▒ ▒.
▒.▒.............. ▒=▒
▒....▒▒▒...▒▒...
▒.w▒▒▒...▒▒.......▒.
▒▒▒▒.▒p▒.▒.▒▒..........
▒.....).....▒.▒▒.▒▒▒.▒.
▒.▒▒.▒▒.▒▒▒....▒ ▒.▒.
▒<........▒.▒ ▒.▒.
▒▒▒...▒...▒†▒▒▒▒▒.▒.
▒▒▒......▒.......≈≈
▒.....▒▒▒▒▒▒▒..(~≈≈
▒.▒▒.....▒..(.....∩
▒.▒▒.▒▒..▒.▒▒▒.▒~≈≈


You could see a worm.


Message History

The ball python is severely wounded.
The ball python bites you. The ball python barely misses you.
You freeze the ball python.
You kill the ball python!
You freeze the bat!
You kill the bat!
Found a stone staircase leading up.
A worm comes into view.
Found a twisted iron ring.
You see here a wand of flame (21).
r - a wand of flame (21)
The worm barely misses you.
You freeze the worm!
The worm is moderately wounded.
You freeze the worm.
The worm is heavily wounded.
The worm barely misses you.
You freeze the worm.
The worm is severely wounded.
You freeze the worm.
The worm is almost dead.
The worm bites you!
Ouch! That really hurt!
* * * LOW HITPOINT WARNING * * *
You freeze the worm.
The worm is almost dead.
The worm bites you!
Ouch! That really hurt!
You die...

Action                     || total
---------------------------++-------
  Melee: Unarmed           ||    17
   Cast: Freeze            ||    41
 Armour: Robe              ||     4
  Dodge: Dodged            ||    30

Levels and vault maps discovered:
D:1:      minmay_arrival_open_corners, layout_basic,
          nicolae_kite_square_tiling_tiny, minivault_19
D:2:      layout_loops_ring, basic_altar, serial_shops, nicolae_shop_waterfront,
          minmay_joined_circles, uniq_crazy_yiuf_cottage

Notes
Turn   | Place    | Note
-------+----------+-------------------------------------------
     0 | D:1      | sanka the Demigod Ice Elementalist began the quest for the
                  | Orb.
     0 | D:1      | Reached XP level 1. HP: 14/14 MP: 5/5
   190 | D:1      | Reached skill level 2 in Spellcasting
   359 | D:1      | Reached skill level 4 in Ice Magic
   419 | D:1      | Reached XP level 2. HP: 20/20 MP: 7/7
  1270 | D:2      | Found Cebruosk's Magic Scroll Boutique.
  1348 | D:2      | Slain by a worm

Vanquished Creatures
  A dart slug (D:2)
  4 bats
  3 endoplasms
  A giant cockroach (D:1)
  6 hobgoblins
  A quokka (D:2)
  3 ball pythons
  3 frilled lizards (D:1)
  A kobold (D:2)
  3 rats (D:1)
26 creatures vanquished.
